 Seeded DCSS version 0.30.1-4-g462c640d31 (webtiles) character file.

Game seed: 6351066067085065685 (custom seed)

4 Esekla the Magician (level 1, -4/10 HPs)
             Began as a Deep Elf Wanderer on Sept 9, 2023.
             Was an Initiate of Vehumet.
             Slain by a gnoll
             ... wielding a +0 spear
             ... led by a gnoll bouda
              (6 damage)
             ... on level 4 of the Dungeon.
             The game lasted 00:09:09 (910 turns).

Esekla the Magician (Deep Elf Wanderer)              Turns: 910, Time: 00:09:10

Health: -4/10      AC:  4    Str: 11    XL:     1   Next: 50%
Magic:  8/8        EV: 10    Int: 17    God:    Vehumet [......]
Gold:   100        SH:  0    Dex: 11    Spells: 7/9 levels left

rFire   . . .        a - +1 short sword (freeze)
rCold   . . .        d - +0 buckler
rNeg    . . .        c - +0 robe
rPois   .            l - +0 helmet
rElec   .            (no cloak)
rCorr   .            j - +0 pair of gloves
SInv    .            (no boots)
Will    .....        (no amulet)
Stlth   +            (no ring)
HPRegen 0.21/turn    (no ring)
MPRegen 0.11/turn

%: no passive effects
@: confused, ambrosia-drunk
A: no striking features
a: Renounce Religion


You were on level 4 of the Dungeon.
You worshipped Vehumet.
Vehumet was noncommittal.
You visited 1 branch of the dungeon, and saw 4 of its levels.

You collected 100 gold pieces.

Inventory:

Hand Weapons
 a - a +1 short sword of freezing (weapon)
Armour
 c - a +0 robe (worn)
 d - a +0 buckler (worn)
 j - a +0 pair of gloves (worn)
 l - a +0 helmet (worn)
Wands
 f - a wand of roots (9)
Scrolls
 g - 3 scrolls of identify {unknown}
Potions
 b - a potion of lignification
 h - a potion of curing
 i - a potion of haste {unknown}
 k - a potion of attraction {unknown}
 m - a potion of mutation {unknown}


   Skills:
 + Level 1.2 Stealth
 + Level 1.5 Shields
 * Level 4.5 Spellcasting
 + Level 2.5 Translocations
 + Level 1.0 Invocations


You had 7 spell levels left.
You knew the following spells:

 Your Spells              Type           Power      Damage    Failure   Level
a - Magic Dart            Conj           12%        1d3       22%         1
p - Apportation           Tloc           24%        N/A       8%          1

Your spell library contained the following spells:

 Spells                   Type           Power      Damage    Failure   Level
 Blink                    Tloc           24%        N/A       12%         2
 Lesser Beckoning         Tloc           24%        N/A       12%         2
 Ignite Poison            Fire/Tmut/Pois 3%         N/A       54%         3
 Vampiric Draining        Necr           3%         2d6       54%         3


Dungeon Overview and Level Annotations

Branches:
Dungeon (4/15)
 Temple: D:4-7

Altars:
Okawaru
Vehumet
Zin

Shops:
D:2 =


Message History

Aim: an orc, wielding a +0 dagger (heavily wounded, 100% to hit)
The magic dart hits the orc.
The orc is almost dead.
Casting: Magic Dart (safe; 22% risk of failure)
Confirm with . or Enter, or press ? or * to list all spells.
Aiming: Magic Dart (safe; 22% risk of failure)
Press: ? - help, Shift-Dir - straight line, f/p - orc
Aim: an orc, wielding a +0 dagger (almost dead, 100% to hit)
The magic dart hits the orc.
You kill the orc!
Vehumet accepts your kill.
You start resting.
Magic restored.
A kobold comes into view. It is wielding a +0 dagger.
Found a stone staircase leading up.
The helpless kobold fails to defend itself.
You hit the kobold. You freeze the kobold.
You kill the kobold!
Vehumet accepts your kill.
Things that are here:
a +0 dagger; a kobold corpse A sourceless malevolence fills the Dungeon... and a teleportation trap spontaneously manifests!
You are yanked towards some nearby monsters!
Your surroundings suddenly seem different. 2 gnolls come into view.
The gnoll shouts! x2; You hear a shout! x2; The gnoll shouts!
Okay, then.
It was a potion of curing.
You feel better.
It was a potion of ambrosia.
You are confused.
You feel invigorated. The gnoll closely misses you.
The gnoll barely misses you. The gnoll closely misses you.
The gnoll hits you with a +0 club.
Ouch! That really hurt!
You hit the gnoll but do no damage. The gnoll hits you with a +0 club.
The gnoll hits you with a +0 spear.
* * * LOW HITPOINT WARNING * * *
The gnoll hits you with a +0 spear.
Ouch! That really hurt!
You die...

....#####.##..........##....#.#
.......##.............##....#.#
##....##......................
#............................#
..#>.......<....................
.......)........................
...............g................
.............##gg...............
.............##@g.....##'#####..
..##.........##.......##.....'..
. #.......[.#################..
########### #.. #.. ###


You could see 4 gnolls.

Vanquished Creatures
  An orc (D:4)
  3 kobolds
4 creatures vanquished.

Notes
Turn   | Place    | Note
-------+----------+-------------------------------------------
     0 | D:1      | Esekla the Deep Elf Wanderer began the quest for the Orb.
     0 | D:1      | Esekla set off with the following items: a +0 club, a
                  | potion of lignification, a +0 robe, a +0 buckler; and the
                  | following spells available to memorise: Apportation, Blink,
                  | Lesser Beckoning, Magic Dart, Ignite Poison, Vampiric
                  | Draining.
     0 | D:1      | Reached XP level 1. HP: 10/10 MP: 7/7
     2 | D:1      | Learned a level 1 spell: Magic Dart
     4 | D:1      | Learned a level 1 spell: Apportation
   225 | D:2      | Found Renulab's Jewellery Shop.
   609 | D:4      | Found a radiant altar of Vehumet.
   620 | D:4      | Found an iron altar of Okawaru.
   631 | D:4      | Found a glowing silver altar of Zin.
   773 | D:4      | Became a worshipper of Vehumet
   910 | D:4      | Slain by a gnoll

Illustrated notes

Levels and vault maps discovered:
D:1:      sevenhm_arrival_forest_fort_small_3, layout_rooms,
          chequers_serial_rivers_room_b, minmay_misc_feat_five
D:2:      layout_loops_ring, dreamdust_ecumenical_altar_angels_and_demons,
          serial_shops, shop
D:3:      layout_basic, grunt_temple_overflow_open, minmay_misc_feat_iff
D:4:      layout_basic, nicolae_overflow_quartered_altars, serial_shops,
          nicolae_diamond_shop

Action                     || total
---------------------------++-------
  Melee: Short sword       ||     2
         Rapier            ||     1
   Cast: Apportation       ||    26
         Magic Dart        ||    12
    Use: Potion            ||     2
         Scroll            ||     1
   Stab: Sleeping          ||     1
 Armour: Robe              ||     6
  Dodge: Dodged            ||    11
  Block: Buckler           ||     2
